Map: Frost LE

Players

iAsonu

  • Race: Zerg Zerg

ShoWTimE - Winner!

  • Race: Protoss Protoss

Event: IEM Season 11 - Shanghai

VOD

https://www.youtube.com/watch?v=2q83PAvjZio

Description

Time

  • Played on: July 27, 2016, 7:21 a.m.
  • Length: 9:19

All games in this series

Show
View Real Time Build Order
Export as new Build Order

iAsonu Zerg 

Build Orders: Hatch First 

Get SALT Encoding   

  12  0:00  Drone  
  13  0:13  Overlord  
  13  0:18  Drone  
  14  0:31  Drone x2  
  14  0:35  Drone  
  17  0:52  Hatchery  
  17  0:55  Drone  
  17  0:57  Drone  
  18  1:09  Extractor  
  17  1:13  Spawning Pool  
  17  1:16  Drone  
  17  1:20  Drone  
  18  1:29  Drone  
  19  1:40  Overlord  
  19  1:56  Drone  
  19  2:00  Queen  
  23  2:01  Zergling x2  
  23  2:04  Drone, Queen  
  26  2:09  Metabolic Boost  
  26  2:12  Drone  
  28  2:15  Drone  
  28  2:22  Drone  
  29  2:26  Drone  
  30  2:36  Drone  
  31  2:43  Hatchery  
  30  2:47  Zergling x2  
  30  2:49  Queen  
  33  2:52  Drone  
  34  3:02  Overlord  
  34  3:04  Drone  
  34  3:05  Drone  
  35  3:21  Drone x8  
  43  3:30  Overlord  
  43  3:39  Extractor, Roach Warren  
  41  3:43  Drone x2  
  43  3:49  Overlord  
  43  3:59  Queen  
  45  4:03  Drone x2  
  45  4:04  Drone  
  45  4:05  Drone, Extractor  
  45  4:08  Overlord  
  48  4:20  Roach x2  
  48  4:21  Roach x3  
  48  4:23  Overlord  
  58  4:28  Roach x2  
  58  4:29  Roach x2  
  58  4:31  Overlord  
  66  4:35  Spine Crawler  
  65  4:39  Overlord  
  67  4:45  Ravager x2  
  67  4:46  Spore Crawler  
  67  4:47  Roach x2  
  67  4:50  Zergling x2  
  71  4:56  Drone x3  
  74  5:01  Drone  
  74  5:02  Zergling x4  
  74  5:03  Zergling x2  
  74  5:06  Drone  
  79  5:08  Drone  
  79  5:14  Drone x4  
  81  5:21  Overlord  
  84  5:25  Overlord  
  84  5:29  Overlord  
  84  5:31  Lair  
  84  5:37  Overlord  
  84  5:45  Drone x2  
  84  5:47  Drone x2  
  84  5:48  Drone x2  
  91  5:50  Drone x5  
  91  5:54  Drone  
  91  5:55  Queen  
  98  5:58  Drone  
  98  5:59  Evolution Chamber  
  98  6:03  Spore Crawler  
  97  6:04  Drone  
  97  6:12  Overlord  
  97  6:14  Queen  
  97  6:15  Drone x2  
  97  6:16  Drone x2  
  103  6:18  Spore Crawler  
  103  6:20  Overlord  
  103  6:24  Zerg Missile Weapons Level 1  
  99  6:31  Queen  
  97  6:37  Queen  
  99  6:46  Nydus Network, Overlord x2  
  98  6:52  Queen  
  96  6:54  Roach  
  96  6:55  Roach x2  
  95  7:06  Queen  
  97  7:11  Roach  
  97  7:12  Queen, Roach x4  
  109  7:24  Nydus Canal  
  109  7:27  Roach x5  
  119  7:33  Ravager x3  
  118  7:47  Roach x5  
  118  7:48  Roach x2  
  118  7:50  Overlord  
  123  8:18  Zergling x2  
  123  8:19  Roach x2  
  113  8:21  Queen x3  
  113  8:24  Roach x2  
  113  8:25  Ravager  
  121  8:28  Overlord x3  
  118  8:38  Ravager x4  
  118  8:39  Overlord x2  
  106  8:58  Roach x8  
  106  8:59  Roach x3  
Show
View Real Time Build Order
Export as new Build Order

ShoWTimE Protoss - Winner!

Build Orders: 1 Gate Expand 

Get SALT Encoding   

  12  0:00  Probe (Chrono Boost)  
  13  0:11  Probe (Chrono Boost)  
  14  0:18  Pylon  
  14  0:22  Probe (Chrono Boost)  
  15  0:36  Probe (Chrono Boost)  
  15  0:39  Gateway  
  16  0:44  Assimilator  
  16  0:48  Probe (Chrono Boost)  
  17  0:58  Probe (Chrono Boost)  
  18  1:09  Probe (Chrono Boost)  
  19  1:23  Nexus  
  19  1:27  Probe (Chrono Boost)  
  20  1:36  Cybernetics Core  
  20  1:39  Probe (Chrono Boost)  
  21  1:43  Assimilator  
  21  1:49  Probe (Chrono Boost)  
  21  1:53  Pylon  
  22  2:00  Probe (Chrono Boost)  
  23  2:09  Adept  
  23  2:13  Probe (Chrono Boost), Warp Gate  
  26  2:25  Probe (Chrono Boost)  
  26  2:28  Twilight Council  
  27  2:32  Stalker  
  30  2:37  Probe (Chrono Boost)  
  30  2:38  Probe (Chrono Boost)  
  31  2:49  Probe x2 (Chrono Boost)  
  33  2:52  Resonating Glaives  
  32  2:59  Probe (Chrono Boost)  
  32  3:01  Probe (Chrono Boost)  
  32  3:02  Adept  
  36  3:10  Probe (Chrono Boost)  
  38  3:13  Probe (Chrono Boost)  
  38  3:20  Probe (Chrono Boost)  
  38  3:23  Gateway x2  
  40  3:27  Probe (Chrono Boost)  
  40  3:29  Adept  
  40  3:32  Probe (Chrono Boost)  
  43  3:35  Pylon  
  43  3:39  Probe (Chrono Boost)  
  44  3:43  Probe (Chrono Boost)  
  45  3:50  Pylon  
  45  3:51  Stargate  
  45  3:54  Mothership Core (Chrono Boost)  
  48  3:56  Probe (Chrono Boost)  
  48  4:02  Assimilator  
  48  4:04  Assimilator  
  48  4:08  Probe (Chrono Boost)  
  49  4:12  Probe (Chrono Boost)  
  50  4:18  Adept  
  50  4:19  Adept x2  
  50  4:20  Probe (Chrono Boost)  
  50  4:22  Pylon  
  50  4:23  Probe (Chrono Boost)  
  59  4:32  Probe (Chrono Boost), Phoenix  
  59  4:33  Probe (Chrono Boost)  
  59  4:36  Pylon  
  62  4:41  Stargate  
  62  4:45  Probe (Chrono Boost)  
  63  4:47  Probe (Chrono Boost)  
  64  4:54  Adept x3  
  64  4:56  Phoenix  
  72  5:08  Pylon  
  72  5:17  Pylon, Phoenix  
  72  5:21  Probe (Chrono Boost)  
  76  5:22  Probe (Chrono Boost)  
  76  5:24  Phoenix  
  78  5:31  Probe (Chrono Boost), Pylon  
  78  5:34  Probe (Chrono Boost)  
  80  5:39  Phoenix  
  82  5:49  Probe x2 (Chrono Boost), Phoenix  
  86  6:01  Phoenix  
  86  6:03  Nexus  
  86  6:06  Pylon  
  86  6:08  Probe (Chrono Boost)  
  86  6:10  Probe (Chrono Boost)  
  90  6:12  Pylon  
  90  6:13  Phoenix  
  92  6:19  Probe (Chrono Boost)  
  92  6:22  Probe (Chrono Boost)  
  94  6:29  Probe (Chrono Boost), Robotics Facility  
  95  6:34  Forge, Phoenix  
  95  6:38  Robotics Facility  
  96  6:40  Probe (Chrono Boost)  
  96  6:41  Probe (Chrono Boost)  
  97  6:50  Probe (Chrono Boost)  
  97  6:52  Phoenix  
  97  6:53  Probe (Chrono Boost)  
  95  7:02  Probe (Chrono Boost)  
  95  7:06  Probe (Chrono Boost), Pylon  
  95  7:08  Zealot, Sentry x2  
  103  7:11  Protoss Ground Weapons Level 1  
  103  7:12  Pylon  
  103  7:14  Probe (Chrono Boost)  
  103  7:15  Observer, Pylon  
  104  7:16  Assimilator  
  104  7:18  Probe (Chrono Boost), Assimilator  
  104  7:20  Immortal  
  104  7:21  Probe (Chrono Boost)  
  107  7:29  Sentry  
  113  7:33  Immortal  
  113  7:41  Adept x2  
  121  7:46  Pylon  
  121  7:54  Immortal, Gateway  
  121  7:56  Gateway  
  121  7:57  Sentry, Pylon  
  127  8:08  Immortal  
  121  8:18  Zealot x2  
  125  8:23  Pylon  
  125  8:27  Gateway  
  125  8:28  Gateway  
  125  8:30  Pylon  
  129  8:39  Zealot x2, Sentry  
  135  8:42  Photon Cannon  
  135  8:46  Photon Cannon  
  132  9:02  Zealot x4  

Tags
 
Add a new tag
Caveats
  • Supply blocks, unpowered buildings, or Contaminate may cause inaccurate times.
  • Supply counts are checked every 10 seconds.